 Dungeon Crawl Stone Soup version 0.26-a0-710-g95a0c6c400 (webtiles) character file.

Game seed: 3903335567317370317

60 nel the Caller (level 3, -7/26 HPs)
             Began as a Demigod Summoner on Oct 30, 2020.
             Killed by divine providence
             ... invoked by an orc priest
              (12 damage)
             ... on level 2 of the Dungeon.
             The game lasted 00:05:24 (1902 turns).

nel the Caller (Demigod Summoner)                   Turns: 1902, Time: 00:05:25

Health: -7/26      AC:  2    Str: 13    XL:     3   Next: 55%
Magic:  6/8        EV: 13    Int: 19    God:
Gold:   39         SH:  0    Dex: 16    Spells: 3/6 levels left

rFire    . . .     SeeInvis .   e - +0 spear
rCold    . . .     Faith    .   (no shield)
rNeg     . . .     Spirit   .   a - +0 robe
rPois    .         Reflect  .   (no helmet)
rElec    .         Harm     .   (no cloak)
rCorr    .         Rampage  .   (no gloves)
MR       .....                  (no boots)
Stlth    ++........             (no amulet)
HPRegen  0.08/turn              (no ring)
MPRegen  0.11/turn              (no ring)

@: no status effects
A: high mp 1
a: no special abilities


You were on level 2 of the Dungeon.
You visited 1 branch of the dungeon, and saw 2 of its levels.

You collected 39 gold pieces.

Inventory:

Hand Weapons
 d - a +0 dagger
 e - a +0 spear (weapon)
Armour
 a - a +0 robe (worn)
Scrolls
 b - a scroll of teleportation {unknown}
 g - a scroll of enchant armour {unknown}
Potions
 c - a potion of mutation {unknown}
 f - a potion of flight {unknown}


   Skills:
 * Level 2.2 Polearms
 - Level 2.2 Dodging
 - Level 1.7 Stealth
 - Level 2.0 Spellcasting
 - Level 3.9 Summonings


You had 3 spell levels left.
You knew the following spells:

 Your Spells              Type           Power        Failure   Level
a - Summon Small Mammal   Summ           ###.         3%          1
b - Call Imp              Summ           ###.....     5%          2

Your spell library contained the following spells:

 Spells                   Type           Power        Failure   Level
 Call Canine Familiar     Summ           ###.....     11%         3
 Summon Guardian Golem    Hex/Summ       #.......     22%         3
 Summon Ice Beast         Ice/Summ       #.......     58%         4
 Summon Lightning Spire   Summ/Air       #.......     58%         4


Dungeon Overview and Level Annotations

Branches:
Dungeon (2/15)


Innate Abilities, Weirdness & Mutations

You have an increased reservoir of magic. (+10% MP)


Message History

The orc priest looks satisfied for a moment.
The orc priest miscasts a cantrip.
Your bat barely misses the orc priest.
What are your orders? t - Shout!
Orders for allies: a - Attack new target. r - Retreat! s - Stop attacking. g - Guard the area. f - Follow me.
Anything else - Cancel.
Guard this area!
Your bat hits the orc priest but does no damage.
Unknown command.
The orc priest mumbles some strange prayers to Beogh against you.
Pain shoots through your body!
* * * LOW HITPOINT WARNING * * *
Casting: Summon Small Mammal (safe; 3% risk of failure)
Confirm with . or Enter, or press ? or * to list all spells.
The orc priest mumbles some strange prayers to Beogh against you.
Beogh smites you!
You die...

##..#..
#.##........
##.###.
#..#........
#..# #.
#.........(
##.#
...#.#<###.##
#o# #.....#
#.# #.#
#....## #.w
#b# #..#..
##.. #.## ...
#.. #. #.@#
.# ##. . ##.#
## #.# #..
#..# #..#
.... ....


You could see an orc priest and a friendly bat (summoned).

Vanquished Creatures
  An adder (D:2)
  An orc (D:2)
  3 giant cockroaches
  2 jackals (D:1)
  2 kobolds
  3 rats
12 creatures vanquished.

Vanquished Creatures (collateral kills)
  Jessica (D:2)
  A gnoll (D:1)
  An adder (D:1)
  An ooze (D:1)
  A worm (D:2)
  2 orcs (D:2)
  2 bats (D:1)
  A frilled lizard (D:1)
  A kobold (D:1)
  2 rats (D:1)
13 creatures vanquished.

Grand Total: 25 creatures vanquished

Notes
Turn   | Place    | Note
-------+----------+-------------------------------------------
     0 | D:1      | nel the Demigod Summoner began the quest for the Orb.
     0 | D:1      | Reached XP level 1. HP: 14/14 MP: 5/5
   699 | D:1      | Reached XP level 2. HP: 9/20 MP: 4/7
  1395 | D:2      | Found an ancient bone altar of Kikubaaqudgha.
  1395 | D:2      | Found a radiant altar of Vehumet.
  1396 | D:2      | Found a white marble altar of Elyvilon.
  1640 | D:1      | Reached skill level 1 in Polearms
  1644 | D:1      | Learned a level 2 spell: Call Imp
  1708 | D:2      | Noticed Jessica
  1712 | D:2      | Reached XP level 3. HP: 22/26 MP: 4/8
  1720 | D:2      | Killed Jessica
  1902 | D:2      | Killed from afar by an orc priest

Illustrated notes

Levels and vault maps discovered:
D:1:      doesnt_arrival_eight_statues, layout_loops_corners
D:2:      layout_rooms, chequers_temple_overflow_statue_of_worship, uniq_jessica

Skill      XL: |  1  2  3 |
---------------+----------+-----
Dodging        | 2 |  2.2
Spellcasting   | 2 |  2.0
Polearms       | 1 2 |  2.2
Stealth        | |  1.7
Summonings     | |  3.9

Action                   || total
-------------------------++-------
Melee: Unarmed           ||    14
       Dagger            ||     4
       Spear             ||    59
 Cast: Summon Small Mamm ||    33
  Use: Potion            ||     1
 Stab: Distracted        ||     2
       Sleeping          ||     4
Armor: Robe              ||    14
Dodge: Dodged            ||    62

Table legend: (Time is in decaauts)
 A = Elapsed time spent in this place.
 B = Non-inter-level travel time spent in this place.
 C = Inter-level travel time spent in this place.
 D = Time resting spent in this place.
 E = Time spent auto-exploring this place.
 F = Levels seen in this place.
 G = Mean time per level.
                   A        B        C        D        E       F      G
               +--------+--------+--------+--------+--------+-----+--------+
         Total |   1906 |   1827 |     79 |    374 |   1113 |   2 |  953.0 |
       Dungeon |   1906 |   1827 |     79 |    374 |   1113 |   2 |  953.0 |
               +--------+--------+--------+--------+--------+-----+--------+

Top non-repeatable levels by time:
     D:1: 1678 daAuts
     D:2: 228 daAuts
